 Dungeon Crawl Stone Soup version 0.29-a0-323-g050149af67 (webtiles) character file.

Game seed: 15190915272714190002

227 zishaf the Sneak (level 6, -9/30 (32) HPs)
             Began as a Vine Stalker Brigand on Apr 11, 2022.
             Mangled by a wight
             ... wielding a +5 short sword of freezing
              (13 damage)
             ... on level 3 of the Dungeon.
             The game lasted 00:05:21 (3157 turns).

zishaf the Sneak (Vine Stalker Brigand)             Turns: 3157, Time: 00:05:22

HP:   -9/30 (32)    AC:  3    Str: 14    XL:     6   Next: 2%
MP:   0/7           EV: 12    Int: 11    God:
Gold: 198           SH:  0    Dex: 17    Spells: 5/5 levels left

rFire   . . .      SeeInvis .   a - +2 dagger
rCold   . . .      Faith    .   (no shield)
rNeg    . . .      Spirit   +   b - +0 robe
rPois   .          Reflect  .   (no helmet)
rElec   .          Harm     .   c - +0 cloak
rCorr   .          Rampage  .   (no gloves)
Will    .....                   (no boots)
Stlth   +++.......              (no amulet)
HPRegen 0.90/turn               (no ring)
MPRegen 0.10/turn               (no ring)

@: studying Stealth, drained
A: fangs 2, regeneration 1, magic shield, antimagic bite, no potion heal 2
a: no special abilities


You were on level 3 of the Dungeon.
You visited 1 branch of the dungeon, and saw 4 of its levels.

You collected 198 gold pieces.

Inventory:

Hand Weapons
 a - a +2 dagger (weapon)
Missiles
 d - 14 poisoned darts (quivered)
 e - 3 curare-tipped darts
Armour
 b - a +0 robe (worn)
 c - a +0 cloak (worn)
 k - a +0 ring mail
Scrolls
 h - a scroll of silence {unknown}
 n - a scroll of summoning
 t - 3 scrolls of teleportation
Potions
 f - a potion of mutation
 g - 2 potions of attraction
 i - 3 potions of curing
 j - a potion of berserk rage
 l - 3 potions of might
 m - 2 potions of heal wounds {unknown}
 r - a potion of degeneration {unknown}


   Skills:
 + Level 3.5 Fighting
 + Level 3.4 Short Blades
 - Level 1.7 Throwing
 - Level 1.0 Dodging
 + Level 6.6 Stealth


You had 5 spell levels left.
You didn't know any spells.
Your spell library contained the following spells:

 Spells                   Type           Power      Damage    Failure   Level
 Ensorcelled Hibernation  Hex/Ice        0%         N/A       47%         2
 Passwall                 Tmut/Erth      0%         N/A       47%         2
 Swiftness                Air            0%         N/A       71%         3


Dungeon Overview and Level Annotations

Branches:
Dungeon (4/15)
 Temple: D:4-7

Altars:

Shops:
D:3 *


Innate Abilities, Weirdness & Mutations

You have extremely sharp teeth.
Your natural rate of healing is unusually fast.
When hurt, damage is shared between your health and your magic reserves.
Your bite disrupts and absorbs the magic of your enemies.
Potions cannot restore your health.


Message History

Magic restored.
Things that are here:
a +0 dagger; 3 boomerangs of dispersal; an orc corpse
Found a rapier.
Found a ring mail.
No target in view!
You see here a +0 ring mail.
A hobgoblin comes into view. 2 wights come into view.
A wight is wielding a +5 short sword of freezing.
A wight is wielding a +4 hand axe of freezing.
Found 30 stones.
A wight comes into view. It is wielding a +0 short sword.
You see here a +0 ring mail.
k - a +0 ring mail
There is a stone staircase leading down here.
There is a stone staircase leading up here.
The wight hits you with a +5 short sword of freezing!
The wight freezes you.
You climb upwards.
Reactivating autopickup.
There is a stone staircase leading down here.
You hit the wight but do no damage. Your bite misses the wight.
The wight hits you with a +5 short sword of freezing!
The wight freezes you.
You are too injured to fight recklessly!
You are too injured to fight recklessly!
You hit the wight but do no damage. The wight closely misses you.
You hit the wight. You bite the wight, but do no damage.
The wight is lightly damaged.
The wight hits you with a +5 short sword of freezing!
* * * LOW HITPOINT WARNING * * *
You feel drained.
* * * LOW HITPOINT WARNING * * *
The wight freezes you.
* * * LOW HITPOINT WARNING * * *
You hit the wight. You bite the wight. You drain its power.
You feel invigorated.
The wight is moderately damaged.
The wight hits you with a +5 short sword of freezing!
You die...

.....#...# ##...#
.....#...## ##..#.#
..........###..##.#####
.....#......#.........#
.....#...##...........#
....#########.........#
....#### #.........#
#......# #.........#
######.######..z@.....#
#................#
#########........#
##########


You could see a wight.

Vanquished Creatures
  A scorpion (D:4)
  Crazy Yiuf (D:2)
  Jessica (D:2)
  3 adders
  A white imp (D:3)
  A worm (D:2)
  2 dart slugs
  An orc (D:4)
  9 ball pythons
  4 bats
  5 endoplasms
  3 giant cockroaches
  10 hobgoblins
  7 jackals
  3 quokkas (D:1)
  3 frilled lizards
  7 goblins
  6 kobolds
  5 rats (D:1)
73 creatures vanquished.

Vanquished Creatures (others)
  A fungus (D:2)
1 creature vanquished.

Grand Total: 74 creatures vanquished

Notes
Turn   | Place    | Note
-------+----------+-------------------------------------------
     0 | D:1      | zishaf the Vine Stalker Brigand began the quest for the
                  | Orb.
     0 | D:1      | Reached XP level 1. HP: 11/11 MP: 2/2
    42 | D:1      | Reached skill level 1 in Dodging
    42 | D:1      | Reached skill level 5 in Stealth
    42 | D:1      | Reached XP level 2. HP: 4/15 MP: 3/3
   861 | D:1      | Reached XP level 3. HP: 18/18 MP: 4/4
  1705 | D:2      | Gained mutation: Your natural rate of healing is unusually
                  | fast. [Vine Stalker growth]
  1705 | D:2      | Reached XP level 4. HP: 23/23 MP: 5/5
  1899 | D:2      | Noticed Jessica
  1903 | D:2      | Killed Jessica
  1977 | D:2      | Found a runed translucent door.
  1978 | D:2      | Noticed Crazy Yiuf
  2012 | D:2      | Killed Crazy Yiuf
  2013 | D:2      | Reached skill level 6 in Stealth
  2013 | D:2      | Reached XP level 5. HP: 10/28 MP: 6/6
  2542 | D:3      | Found Eluetuk's General Store.
  2625 | D:3      | Found a faded altar of an unknown god.
  2672 | D:4      | Identified a scroll of acquirement
  2672 | D:4      | Acquired a manual of Stealth
  3001 | D:4      | Reached XP level 6. HP: 32/32 MP: 5/7
  3157 | D:3      | Mangled by a wight

Illustrated notes

Levels and vault maps discovered:
D:1:      psy_arrival_conway, layout_loops_ring
D:2:      layout_loops_ring, uniq_crazy_yiuf_cottage, uniq_jessica
D:3:      layout_rooms, ebering_ecumenical_altar_petrified, serial_shops,
          nicolae_shop_waterfront
D:4:      layout_rooms, serial_bayou, serial_bayou_pond_c, serial_bayou_pond_b,
          serial_bayou_pond_a, serial_bayou_pond_d

Skill      XL: |  1  2  3  4  5 |
---------------+----------------+-----
Dodging        | 1 |  1.0
Stealth        | 5 6 |  6.6
Fighting       | 2 3 |  3.5
Short Blades   | 2 3 |  3.4
Throwing       | |  1.7

Action                   |  1- 3 |  4- 6 || total
-------------------------+-------+-------++-------
Melee: Dagger            |    99 |   103 ||   202
       Bite              |    19 |    27 ||    46
       Punch             |     1 |       ||     1
Throw: Dart              |     7 |     6 ||    13
  Use: Scroll            |       |    12 ||    12
 Stab: Sleeping          |     8 |    11 ||    19
       Distracted        |     1 |       ||     1
Armor: Robe              |    18 |    20 ||    38
Dodge: Dodged            |    34 |    51 ||    85

Table legend: (Time is in decaauts)
 A = Elapsed time spent in this place.
 B = Non-inter-level travel time spent in this place.
 C = Inter-level travel time spent in this place.
 D = Time resting spent in this place.
 E = Time spent auto-exploring this place.
 F = Levels seen in this place.
 G = Mean time per level.
                   A        B        C        D        E       F      G
               +--------+--------+--------+--------+--------+-----+--------+
         Total |   3140 |   3042 |     98 |    182 |   2161 |   4 |  785.0 |
       Dungeon |   3140 |   3042 |     98 |    182 |   2161 |   4 |  785.0 |
               +--------+--------+--------+--------+--------+-----+--------+

Top non-repeatable levels by time:
     D:1: 1419 daAuts
     D:2: 852 daAuts
     D:4: 461 daAuts
     D:3: 407 daAuts
